 Dungeon Crawl Stone Soup version 0.22.1-2-g9c5b331383 (webtiles) character file.

1811 Revguard the Carver (level 8, -8/71 HPs)
             Began as a Minotaur Gladiator on Dec 12, 2018.
             Was a Priest of Jiyva.
             Mangled by a basilisk (9 damage)
             ... created by the adversity of Qazlal
             ... on level 6 of the Dungeon.
             The game lasted 00:18:00 (4648 turns).

Revguard the Carver (Minotaur Gladiator)            Turns: 4648, Time: 00:18:01

Health: -8/71      AC:  7    Str: 21    XL:     8   Next: 84%
Magic:  7/7        EV:  2    Int:  5    God:    Jiyva [***...]
Gold:   388        SH:  0    Dex: 17    Spells: 7/7 levels left

rFire    x x .     SeeInvis .   a - +1 long sword
rCold    . . .     Gourm    .   (no shield)
rNeg     + + +     Faith    +   b - +0 leather armour
rPois    ∞         Spirit   .   c - +1 hat
rElec    .         Reflect  .   (no cloak)
rCorr    +         Harm     .   (no gloves)
MR       .....     Rnd*Rage +   (no boots)
Stlth    +.........             g - amulet of faith
HPRegen  0.21/turn              q - +5 ring of dexterity
MPRegen  0.10/turn              n - +1 ring of protection

@: petrified, slowed
A: retaliatory headbutt, horns 2, repulsion field 1, icy blue scales 1, berserk
1, [heat vulnerability 2]
a: Request Jelly, Renounce Religion


You were on level 6 of the Dungeon.
You worshipped Jiyva.
Jiyva was most pleased with you.
You were hungry.

You visited 2 branches of the dungeon, and saw 7 of its levels.

You collected 388 gold pieces.

Inventory:

Hand Weapons
 a - a +1 long sword (weapon)
 s - a +0 short sword
Missiles
 d - 4 throwing nets (quivered)
Armour
 b - a +0 leather armour (worn)
 c - a +1 hat (worn)
 r - a +0 plate armour
 v - a +0 leather armour
Jewellery
 e - an uncursed ring of magical power
 g - an amulet of faith (around neck)
 n - a +1 ring of protection (right hand)
 q - a +5 ring of dexterity (left hand)
Scrolls
 h - 2 scrolls of blinking
 i - a scroll of magic mapping {unknown}
 j - a scroll of enchant armour
 m - a scroll of remove curse {unknown}
 p - a scroll of fear {unknown}
 u - a scroll of immolation {unknown}
Potions
 k - a potion of magic
 l - a potion of curing
 o - a potion of lignification
 t - a potion of might
Comestibles
 f - 15 rations


   Skills:
 + Level 6.6 Fighting
 + Level 10.6 Long Blades
 - Level 2.0 Throwing
 + Level 4.4 Armour
 + Level 5.7 Dodging


You had 7 spell levels left.
You didn't know any spells.
Your spell library was empty.

Dungeon Overview and Level Annotations

Branches:
Dungeon (6/15)             Temple (1/1) D:5

Altars:
Cheibriados
Dithmenos
Elyvilon
Fedhas
Gozag
Makhleb
Qazlal
Ru
Sif Muna
Uskayaw
Vehumet
Jiyva

Shops:
D:5 (


Innate Abilities, Weirdness & Mutations

You reflexively headbutt those who attack you in melee.
You have a pair of horns on your head.
You are surrounded by a mild repulsion field. (EV +2)
You are partially covered in icy blue scales. (AC +2)
You tend to lose your temper in combat.
[You are very vulnerable to heat. (rF--)]


Message History

The wind drake flaps its wings at you. The air twists around and strikes you!
* * * LOW HITPOINT WARNING * * *
You have turned to stone.
The basilisk bites you but does no damage.
The basilisk barely misses you. The basilisk bites you!
* * * LOW HITPOINT WARNING * * *
The wind drake bites you but does no damage.
The basilisk gazes at you. The wind drake flaps its wings at you.
The air twists around and strikes you!
* * * LOW HITPOINT WARNING * * *
The basilisk bites you!
* * * LOW HITPOINT WARNING * * *
The wind drake exhales a fierce blast of wind!
The basilisk gazes at you.
The wind drake bites you but does no damage.
The wind drake bites you but does no damage.
The basilisk bites you!!
You die...

### ## #.. .# #.# .#
#.# ###.#####. #.#
#.@....... #†#
#l#k###... #.######E#.#
######..†..##.#.#
#...##.###.##.#.###.#
#...................#
###...##.###..†.#######
.........# #..........
..................###.


You could see a wind drake, an earth elemental and a basilisk.

Vanquished Creatures
  Grinder (D:4)
  3 humans (D:6)
  2 orc warriors
  An ice beast (D:5)
  A centaur (D:6)
  2 ogres (D:4)
  2 bullfrogs (D:6)
  A scorpion (D:4)
  2 hounds
  2 orc priests
  2 centaur skeletons (D:5)
  2 orc wizards
  Jessica (D:2)
  An iguana (D:4)
  Natasha (thrice) (D:3)
  A worker ant (D:6)
  2 hound skeletons
  A worker ant zombie (D:5)
  4 gnolls
  2 adders (D:2)
  An adder zombie (D:3)
  An adder skeleton (D:5)
  5 dart slugs
  2 leopard geckos (D:3)
  11 orcs
  A ball python (D:1)
  7 bats
  3 giant cockroaches
  10 goblins
  6 hobgoblins
  16 jackals
  3 frilled lizards
  A giant cockroach zombie (D:5)
  3 kobolds
  6 rats
112 creatures vanquished.

Vanquished Creatures (others)
  Sigmund (D:6)
  A human (D:6)
  A basilisk (D:6)
  A wyvern zombie (D:6)
  12 jellies (D:6)
  A hound (D:6)
  An orc priest (D:6)
  An orc wizard (D:6)
  A worker ant (D:6)
  An orc (D:6)
21 creatures vanquished.

Grand Total: 133 creatures vanquished

Notes
Turn   | Place    | Note
-------+----------+-------------------------------------------
     0 | D:1      | Revguard the Minotaur Gladiator began the quest for the
                  | Orb.
     0 | D:1      | Reached XP level 1. HP: 18/18 MP: 0/0
    80 | D:1      | Reached skill level 4 in Long Blades
    80 | D:1      | Reached XP level 2. HP: 19/25 MP: 1/1
   475 | D:1      | Reached XP level 3. HP: 30/30 MP: 2/2
  1157 | D:2      | Reached skill level 1 in Armour
  1201 | D:2      | Reached XP level 4. HP: 33/37 MP: 3/3
  1339 | D:2      | Noticed Jessica
  1353 | D:2      | Killed Jessica
  1353 | D:2      | Reached skill level 5 in Long Blades
  1565 | D:3      | Reached XP level 5. HP: 18/45 MP: 4/4
  1749 | D:3      | Gained mutation: You tend to lose your temper in combat.
                  | [potion of mutation]
  1749 | D:3      | Gained mutation: You are surrounded by a mild repulsion
                  | field. (EV +2) [potion of mutation]
  2112 | D:3      | Found a white marble altar of Elyvilon.
  2207 | D:3      | Noticed Natasha
  2213 | D:3      | Killed Natasha
  2214 | D:3      | Found a stormy altar of Qazlal.
  2224 | D:3      | Became a worshipper of Qazlal Stormbringer
  2246 | D:3      | Noticed Natasha
  2251 | D:3      | Killed Natasha
  2273 | D:3      | Noticed Natasha
  2276 | D:3      | Killed Natasha
  2276 | D:3      | Reached skill level 6 in Long Blades
  2300 | D:4      | Noticed an ogre
  2305 | D:4      | Killed an ogre
  2305 | D:4      | Reached XP level 6. HP: 36/52 MP: 5/5
  2515 | D:4      | Noticed an orc warrior
  2671 | D:4      | Found a shadowy altar of Dithmenos.
  2671 | D:4      | Noticed Grinder
  2689 | D:4      | HP: 2/52 [Grinder (6)]
  2690 | D:4      | Killed Grinder
  2690 | D:4      | Reached skill level 7 in Long Blades
  2690 | D:4      | Reached XP level 7. HP: 3/60 MP: 6/6
  3016 | D:4      | Reached skill level 5 in Dodging
  3163 | D:4      | Reached skill level 8 in Long Blades
  3277 | D:5      | Entered Level 5 of the Dungeon
  3280 | D:5      | Reached skill level 5 in Fighting
  3312 | D:5      | Found a snail-covered altar of Cheibriados.
  3425 | D:5      | Reached XP level 8. HP: 68/68 MP: 7/7
  3453 | D:5      | Reached * piety under Qazlal
  3464 | D:5      | Reached skill level 9 in Long Blades
  3475 | D:5      | Found a staircase to the Ecumenical Temple.
  3489 | Temple   | Entered the Ecumenical Temple
  3509 | Temple   | Fell from the grace of Qazlal
  3509 | Temple   | Became a worshipper of Jiyva Jeofeemi the Shapeless
  3849 | D:5      | Found Xaceitwa's Antique Weapon Shop.
  3947 | D:5      | Reached * piety under Jiyva
  4116 | D:6      | Reached skill level 10 in Long Blades
  4149 | D:6      | Reached ** piety under Jiyva
  4154 | D:6      | Killed Sigmund
  4249 | D:6      | Reached *** piety under Jiyva
  4326 | D:6      | Gained mutation: You are partially covered in icy blue
                  | scales. (AC +2) [Jiyva's grace]
  4377 | D:6      | Noticed a fire crab
  4461 | D:6      | Noticed a catoblepas
  4461 | D:6      | Noticed a wind drake
  4633 | D:6      | Noticed a wind drake
  4646 | D:6      | HP: 1/71 [basilisk[the adversity of Qazlal] (8)]
  4648 | D:6      | Mangled by a basilisk

Skill      XL: |  1  2  3  4  5  6  7  8 |
---------------+-------------------------+-----
Long Blades    | 4 5 6 7 8 10 | 10.6
Dodging        | 4 5 |  5.7
Armour         | 1 2 3 4 |  4.4
Fighting       | 3 4 5 6 |  6.6
Throwing       | |  2.0

Action                   |  1- 3 |  4- 6 |  7- 9 || total
-------------------------+-------+-------+-------++-------
Melee: Long sword        |    63 |    77 |    89 ||   229
       Headbutt          |    14 |    20 |    29 ||    63
Invok: Request Jelly     |       |       |     1 ||     1
  Use: Potion            |       |     3 |     2 ||     5
       Scroll            |       |     5 |     4 ||     9
 Stab: Distracted        |       |       |     1 ||     1
  Eat: Chunk             |       |     6 |     3 ||     9
Armor: Leather armour    |    15 |    14 |    19 ||    48
Dodge: Dodged            |    56 |    67 |    69 ||   192
Block: Other             |       |       |     2 ||     2
       Rpst.: Long sword |    16 |    25 |    29 ||    70
